 Dungeon Crawl Stone Soup version 0.28.0-45-g0d030f2227 (webtiles) character file.

Game seed: 2017304551326770699

133 bobregger the Cudgeller (level 5, 0/54 HPs)
             Began as an Ogre Berserker on Apr 23, 2022.
             Was a Believer of Trog.
             Slain by an orc
             ... wielding a +0 whip
              (3 damage)
             ... on level 3 of the Dungeon.
             The game lasted 00:03:24 (2076 turns).

bobregger the Cudgeller (Ogre Berserker)            Turns: 2076, Time: 00:03:24

Health: 0/54       AC:  4    Str: 23    XL:     5   Next: 16%
Magic:  5/5        EV: 10    Int:  8    God:    Trog [**....]
Gold:   84         SH:  0    Dex:  8    Spells: 4/4 levels left

rFire   . . .      SeeInvis .   f - +0 flail
rCold   . . .      Faith    .   (no shield)
rNeg    . . .      Spirit   .   b - +0 animal skin
rPois   .          Reflect  .   (helmet restricted)
rElec   .          Harm     .   e - +0 cloak
rCorr   .          Rampage  .   (gloves unavailable)
Will    .....                   (boots unavailable)
Stlth   +.........              (no amulet)
HPRegen 0.18/turn               (no ring)
MPRegen 0.09/turn               (no ring)

@: on berserk cooldown, slowed, very slow
A: large, unfitting armour, tough skin 1
a: Renounce Religion, Berserk, Trog's Hand


You were on level 3 of the Dungeon.
You worshipped Trog.
Trog was pleased with you.
You visited 1 branch of the dungeon, and saw 4 of its levels.

You collected 84 gold pieces.

Inventory:

Hand Weapons
 f - a +0 flail (weapon)
Armour
 b - a +0 animal skin (worn)
 e - a +0 cloak (worn)
Scrolls
 a - a scroll of magic mapping {unknown}
 d - 5 scrolls of identify {unknown}
 h - a scroll of amnesia {unknown}


   Skills:
 - Level 4.0 Fighting
 + Level 5.2 Maces & Flails
 - Level 2.6 Dodging


You had 4 spell levels left.
You didn't know any spells.
Your spell library was empty.

Dungeon Overview and Level Annotations

Branches:
Dungeon (4/15)
 Temple: D:4-7

Altars:
Zin


Innate Abilities, Weirdness & Mutations

You are too large for most types of armour.
You have tough skin. (AC +1)


Message History

The orc wizard hits you with a +0 dagger.
The orc wizard mumbles some strange words.
The orc wizard flickers and vanishes!
Deactivating autopickup; reactivate with Ctrl-A.
You feel a strong urge to attack something.
You are no longer berserk.
You are exhausted.
You feel yourself slow down. The orc hits you with a +0 whip.
* * * LOW HITPOINT WARNING * * *
Something hits you but does no damage.
An orc is nearby!
The orc hits you but does no damage. Something hits you but does no damage.
The orc hits you with a +0 whip.
* * * LOW HITPOINT WARNING * * *
Things that are here:
a +0 club; an orc corpse You feel better.
You hear some strange, mumbled words.
A puff of flame appears from out of thin air!
The puff of flame hits you!
* * * LOW HITPOINT WARNING * * *
The orc hits you with a +0 whip.
* * * LOW HITPOINT WARNING * * *
Something hits you but does no damage.
You feel better. The orc hits you with a +0 whip.
* * * LOW HITPOINT WARNING * * *
Something hits you.
* * * LOW HITPOINT WARNING * * *
The orc misses you.
You feel better. Something hits you. The orc misses you.
You hear some strange, mumbled words.
A puff of flame appears from out of thin air!
The puff of flame hits you!
* * * LOW HITPOINT WARNING * * *
You miss something. Your punch misses something.
The orc hits you with a +0 whip.
* * * LOW HITPOINT WARNING * * *
Something hits you but does no damage. The orc hits you with a +0 whip.
You die...

#.......# #.#.....#
#.#.###.# # #.# #.#
#.# ##### #.# #.# ..
...# #.# #.#
####.#####.### #.#
#.#
#......{.....#####>#
<#
#..#...@o.......)..#
.#
#...#.#....#.#######
### #.#......# .
#.##.### ## #.##.#
######


You could see an orc.

Vanquished Creatures
  Terence (D:2)
  An orc wizard (D:3)
  Robin (D:2)
  An adder (D:2)
  A worm (D:2)
  2 orcs
  3 ball pythons
  6 bats
  3 endoplasms (D:1)
  A giant cockroach (D:1)
  4 hobgoblins
  A jackal (D:1)
  5 kobolds
  2 quokkas (D:2)
  2 frilled lizards
  16 goblins
  6 rats
56 creatures vanquished.

Vanquished Creatures (others)
  A withered plant (D:3)
1 creature vanquished.

Grand Total: 57 creatures vanquished

Notes
Turn   | Place    | Note
-------+----------+-------------------------------------------
     0 | D:1      | bobregger the Ogre Berserker began the quest for the Orb.
     0 | D:1      | Reached XP level 1. HP: 24/24 MP: 1/1
    54 | D:1      | Reached skill level 3 in Maces & Flails
   185 | D:1      | Reached XP level 2. HP: 28/32 MP: 2/2
   896 | D:1      | Reached XP level 3. HP: 38/39 MP: 3/3
  1205 | D:2      | Reached skill level 4 in Maces & Flails
  1291 | D:2      | Noticed Terence
  1302 | D:2      | Killed Terence
  1303 | D:2      | Reached XP level 4. HP: 48/48 MP: 4/4
  1423 | D:2      | Noticed Robin
  1434 | D:2      | Killed Robin
  1455 | D:2      | Reached ** piety under Trog
  1839 | D:2      | You fall into a shaft and drop 2 floors!
  1988 | D:4      | Found a glowing silver altar of Zin.
  2068 | D:3      | Reached skill level 5 in Maces & Flails
  2068 | D:3      | Reached XP level 5. HP: 31/54 MP: 5/5
  2076 | D:3      | Slain by an orc

Illustrated notes

Levels and vault maps discovered:
D:1:      amcnicky_arrival_double_pillar, layout_basic, minmay_misc_feat_iff,
          minmay_pentomino_p4
D:2:      layout_rooms, uniq_robin, uniq_crazy_yiuf_cottage, uniq_terence
D:3:      layout_basic, shapermc_ecumenical_altar_mp_highgroup,
          gammafunk_ghost_abyssal_escape, serial_undead, serial_undead_b,
          serial_undead_b, serial_undead_f, serial_undead_e, serial_undead_b,
          serial_undead_d, serial_shops, nicolae_square_shop, corner_web_ring,
          chequers_serial_rivers_room_b, minivault_19, uniq_sigmund
D:4:      layout_loops_ring, mainiacjoe_overflow_surrounded_room,
          lemuel_crystal_altar, xom_confusion_cloud, minmay_misc_feat_encased,
          serial_park_tiny_1

Skill      XL: |  1  2  3  4 |
---------------+-------------+-----
Maces & Flails | 3 4 5 |  5.2
Fighting       | |  4.0
Dodging        | |  2.6

Action                   |  1- 3 |  4- 6 || total
-------------------------+-------+-------++-------
Melee: Mace              |   114 |    41 ||   155
       Punch             |     1 |       ||     1
       Flail             |       |    26 ||    26
Invok: Berserk           |     3 |     2 ||     5
  Use: Potion            |       |     7 ||     7
Armor: Animal skin       |    93 |    51 ||   144
Dodge: Dodged            |    99 |    62 ||   161
